 Dungeon Crawl Stone Soup version 0.26-a0-812-g31a745ddcd (webtiles) character file.

Game seed: 7158841789975710663

166 Borgoz the Cudgeller (level 5, -3/32 HPs)
             Began as a Gargoyle Gladiator on Dec 8, 2020.
             Was an Initiate of Okawaru.
             Slain by a leopard gecko (4 damage)
             ... on level 3 of the Dungeon.
             The game lasted 00:03:41 (2534 turns).

Borgoz the Cudgeller (Gargoyle Gladiator)           Turns: 2534, Time: 00:03:42

Health: -3/32      AC:  9    Str: 18    XL:     5   Next: 47%
Magic:  5/5        EV: 13    Int:  9    God:    Okawaru [......]
Gold:   111        SH:  0    Dex: 11    Spells: 4/4 levels left

rFire    . . .     SeeInvis .   a - +0 flail
rCold    . . .     Faith    .   (no shield)
rNeg     + . .     Spirit   .   b - +0 leather armour
rPois    ∞         Reflect  .   c - +0 helmet
rElec    +         Harm     .   (no cloak)
rCorr    +         Rampage  .   h - +0 pair of gloves {archery}
MR       .....                  (no boots)
Stlth    +.........             (no amulet)
HPRegen  0.10/turn              m - ring of resist corrosion
MPRegen  0.09/turn              (no ring)

@: hasted, very quick
A: negative energy resistance 1, electricity resistance, unbreathing,
petrification resistance, rot immunity, AC +4
a: Renounce Religion


You were on level 3 of the Dungeon.
You worshipped Okawaru.
Okawaru was noncommittal.
You visited 1 branch of the dungeon, and saw 3 of its levels.

You collected 111 gold pieces.

Inventory:

Hand Weapons
 a - a +0 flail (weapon)
Missiles
 d - 3 throwing nets (quivered)
Armour
 b - a +0 leather armour (worn)
 c - a +0 helmet (worn)
 h - a +0 pair of gloves of archery (worn)
Jewellery
 m - a ring of resist corrosion (left hand)
Scrolls
 g - a scroll of fear {unknown}
 j - a scroll of magic mapping
 l - 2 scrolls of teleportation {unknown}
 n - a scroll of enchant weapon {unknown}
 q - a scroll of enchant armour {unknown}
Potions
 o - a potion of brilliance


   Skills:
 + Level 3.3 Fighting
 * Level 4.4 Maces & Flails
 - Level 1.7 Throwing
 * Level 3.6 Dodging


You had 4 spell levels left.
You didn't know any spells.
Your spell library was empty.

Dungeon Overview and Level Annotations

Branches:
Dungeon (3/15)

Altars:
Ashenzari
Elyvilon
Makhleb
Okawaru
Ru
Sif Muna
Trog
Xom
Zin


Innate Abilities, Weirdness & Mutations

You are resistant to torment.
Your stone body is resilient. (AC +4)
You are immune to poison.
You resist negative energy. (rN+)
You are resistant to electric shocks. (rElec)
You can survive without breathing.
You are immune to petrification.
You are immune to rotting.


Message History

The orc priest invokes the aid of Beogh against you.
Beogh smites you!
* * * LOW HITPOINT WARNING * * *
The orc misses you.
Okay, then.
You barely miss the orc.
The orc is severely wounded.
The leopard gecko bites you but does no damage.
The orc hits you but does no damage.
You hit the orc.
You kill the orc!
Okawaru accepts your kill. The leopard gecko barely misses you.
You hit the leopard gecko.
The leopard gecko is severely wounded.
The leopard gecko bites you but does no damage.
You thump the orc priest!
The orc priest is severely wounded.
The leopard gecko bites you.
You die...

#..#...#####....
#.#.....#####...
#.........#......
.............#....
##..#.......##.....
..........#.......
....#........##.##
..#.......###.##.#
.........@l......
.##.....##o......
......## #......
...#### ...... ...
..... ..... ....
)..>


You could see an orc priest and a leopard gecko.

Vanquished Creatures
  An orc wizard (D:3)
  A centaur skeleton (D:2)
  2 adders (D:3)
  An ooze (D:1)
  A worm (D:3)
  4 dart slugs
  3 leopard geckos
  6 orcs
  6 bats
  4 giant cockroaches (D:2)
  8 goblins
  7 hobgoblins
  6 jackals
  7 frilled lizards
  8 kobolds
  5 rats
70 creatures vanquished.

Vanquished Creatures (others)
  6 plants (D:1)
6 creatures vanquished.

Grand Total: 76 creatures vanquished

Notes
Turn   | Place    | Note
-------+----------+-------------------------------------------
     0 | D:1      | Borgoz the Gargoyle Gladiator began the quest for the Orb.
     0 | D:1      | Reached XP level 1. HP: 12/12 MP: 1/1
   197 | D:1      | Reached XP level 2. HP: 18/18 MP: 2/2
   522 | D:1      | Reached XP level 3. HP: 22/22 MP: 3/3
  1319 | D:2      | Found an iron altar of Okawaru.
  1327 | D:2      | Found a burning altar of Makhleb.
  1327 | D:2      | Found a shimmering blue altar of Sif Muna.
  1340 | D:2      | Became a worshipper of Warmaster Okawaru
  1353 | D:2      | Found a sacrificial altar of Ru.
  1353 | D:2      | Found a broken altar of Ashenzari.
  1433 | D:2      | Reached XP level 4. HP: 27/27 MP: 4/4
  1573 | D:2      | Found a glowing silver altar of Zin.
  1573 | D:2      | Found a bloodstained altar of Trog.
  1576 | D:2      | Reached skill level 4 in Maces & Flails
  1581 | D:2      | Found a shimmering altar of Xom.
  1584 | D:2      | Found a white marble altar of Elyvilon.
  2222 | D:3      | Reached XP level 5. HP: 21/32 MP: 5/5
  2530 | D:3      | HP: 1/32 [orc priest/divine providence (9)]
  2534 | D:3      | Slain by a leopard gecko

Illustrated notes

Levels and vault maps discovered:
D:1:      dpeg_arrival_pond, layout_basic, minivault_5, minmay_lizard_king
D:2:      layout_loops_ring, minmay_overflow_temple_star_hex,
          grunt_temple_overflow_cloverleaf, minmay_pentomino_v4
D:3:      layout_rooms, doesnt_xom_only_xom

Skill      XL: |  1  2  3  4 |
---------------+-------------+-----
Dodging        | 3 |  3.6
Fighting       | 3 |  3.3
Maces & Flails | 4 |  4.4
Throwing       | |  1.7

Action                   |  1- 3 |  4- 6 || total
-------------------------+-------+-------++-------
Melee: Flail             |   129 |   128 ||   257
  Use: Scroll            |     2 |     6 ||     8
       Potion            |       |     3 ||     3
 Stab: Sleeping          |     1 |       ||     1
Armor: Leather armour    |    56 |    81 ||   137
Dodge: Dodged            |    78 |   127 ||   205

Table legend: (Time is in decaauts)
 A = Elapsed time spent in this place.
 B = Non-inter-level travel time spent in this place.
 C = Inter-level travel time spent in this place.
 D = Time resting spent in this place.
 E = Time spent auto-exploring this place.
 F = Levels seen in this place.
 G = Mean time per level.
                   A        B        C        D        E       F      G
               +--------+--------+--------+--------+--------+-----+--------+
         Total |   2591 |   2560 |     31 |    470 |   1529 |   3 |  863.7 |
       Dungeon |   2591 |   2560 |     31 |    470 |   1529 |   3 |  863.7 |
               +--------+--------+--------+--------+--------+-----+--------+

Top non-repeatable levels by time:
     D:1: 1156 daAuts
     D:2: 1061 daAuts
     D:3: 373 daAuts
